Map: [G8] Babylon

Players

Serral - Winner!

  • Race: Zerg Zerg
  • Spawn Location: 5:00

Creator

  • Race: Protoss Protoss
  • Spawn Location: 11:00

Event: Gamers8 2023

VOD

Have the link to the VOD?

Description

Time

  • Played on: Aug. 3, 2023, 6:43 a.m.
  • Length: 14:27

All games in this series

Show
View Real Time Build Order
Export as new Build Order

Serral Zerg - Winner!

Build Orders: Hatch First 

Get SALT Encoding   

  12  0:00  Drone  
  13  0:12  Overlord  
  13  0:17  Drone  
  14  0:30  Drone x2  
  16  0:43  Drone  
  17  0:51  Hatchery  
  17  0:54  Drone  
  17  0:58  Drone  
  18  1:08  Extractor  
  17  1:13  Spawning Pool  
  17  1:17  Drone  
  17  1:20  Drone  
  18  1:27  Drone  
  19  1:38  Drone  
  20  1:48  Overlord  
  20  2:00  Queen  
  22  2:03  Queen, Drone  
  22  2:04  Zergling x2  
  26  2:10  Zergling x2  
  26  2:11  Metabolic Boost  
  26  2:14  Drone  
  28  2:21  Drone  
  29  2:24  Drone  
  30  2:37  Hatchery  
  30  2:43  Queen  
  31  2:48  Drone x2  
  33  2:52  Overlord  
  33  2:59  Zergling x2  
  33  3:00  Zergling x2  
  33  3:02  Zergling x2  
  35  3:05  Overlord  
  35  3:09  Queen  
  35  3:11  Drone  
  38  3:14  Drone  
  38  3:15  Drone  
  38  3:18  Drone  
  41  3:21  Drone  
  43  3:27  Drone x2  
  43  3:28  Drone x2  
  46  3:35  Overlord  
  46  3:38  Queen  
  48  3:42  Overlord  
  48  3:43  Drone  
  48  3:46  Drone  
  50  3:52  Queen  
  50  3:54  Spore Crawler  
  50  3:55  Drone  
  52  3:58  Drone x2  
  52  4:01  Zergling x2  
  56  4:02  Drone  
  56  4:07  Queen  
  56  4:09  Drone  
  59  4:11  Drone  
  59  4:14  Overlord  
  60  4:17  Drone x2  
  60  4:22  Drone x3  
  65  4:28  Roach Warren  
  64  4:31  Zergling x2  
  64  4:32  Zergling x2  
  64  4:34  Overlord  
  64  4:36  Zergling x2  
  64  4:38  Drone x2  
  68  4:43  Drone x3  
  71  4:47  Lair  
  71  4:49  Extractor  
  71  4:50  Overlord  
  70  4:56  Drone x2  
  72  5:00  Drone x2  
  72  5:01  Spore Crawler  
  72  5:03  Overlord  
  72  5:05  Drone  
  74  5:09  Drone x2  
  74  5:10  Spore Crawler  
  74  5:12  Roach x4  
  83  5:15  Roach  
  83  5:17  Overlord  
  84  5:23  Roach  
  84  5:27  Spine Crawler, Roach  
  84  5:28  Extractor  
  86  5:32  Roach  
  87  5:40  Extractor, Overlord  
  87  5:41  Drone x2  
  88  5:43  Drone x3  
  88  5:45  Roach, Zergling x2  
  88  5:46  Zergling x6  
  97  5:54  Zergling x2  
  97  5:55  Queen  
  97  5:58  Queen x2  
  97  6:01  Roach x4  
  103  6:07  Roach  
  103  6:08  Zergling x8  
  98  6:12  Roach  
  97  6:20  Roach x2  
  97  6:21  Zergling x8  
  103  6:36  Roach x2  
  97  6:40  Roach  
  97  6:41  Roach x3  
  97  6:42  Queen  
  105  6:47  Overlord  
  105  6:48  Roach Warren  
  93  6:56  Zergling x6  
  83  7:02  Zergling x2  
  71  7:13  Drone x4  
  71  7:15  Drone  
  71  7:22  Drone x3  
  74  7:29  Glial Reconstitution  
  74  7:34  Roach x2  
  74  7:35  Roach  
  80  7:37  Drone  
  80  7:44  Drone x2  
  80  7:45  Drone x4  
  86  7:51  Overseer  
  86  7:54  Drone x2  
  86  7:55  Drone  
  86  7:57  Roach x2  
  93  7:59  Roach  
  93  8:00  Roach  
  97  8:08  Drone x2  
  97  8:09  Evolution Chamber  
  97  8:12  Roach x3  
  104  8:15  Overlord  
  104  8:24  Drone x3  
  107  8:27  Extractor  
  107  8:29  Extractor, Overlord, Drone  
  107  8:30  Roach x3  
  107  8:31  Ravager x2  
  115  8:34  Overlord  
  115  8:39  Roach x2  
  119  8:45  Roach  
  119  8:47  Overlord  
  119  8:48  Evolution Chamber  
  119  8:52  Baneling Nest  
  119  8:53  Zergling x2  
  119  8:55  Drone  
  119  9:05  Roach x4  
  119  9:06  Hatchery  
  126  9:14  Zerg Melee Weapons Level 1  
  126  9:18  Extractor  
  126  9:19  Drone x3  
  126  9:22  Overlord  
  128  9:25  Ravager  
  128  9:28  Roach  
  128  9:29  Roach x2, Zergling x6  
  138  9:34  Centrifugal Hooks  
  138  9:38  Overlord  
  138  9:39  Zergling x6  
  138  9:42  Overlord  
  138  9:44  Drone x4  
  145  9:49  Baneling x6  
  145  9:50  Drone x2  
  147  9:56  Drone  
  147  9:58  Evolution Chamber  
  147  9:59  Drone  
  148  10:02  Ravager x4  
  148  10:05  Drone x6  
  158  10:08  Pneumatized Carapace  
  158  10:10  Drone x2  
  160  10:20  Ravager x3  
  163  10:24  Zerg Missile Weapons Level 1  
  163  10:27  Zergling x8  
  166  10:30  Hatchery  
  166  10:32  Zergling x8  
  169  10:36  Zergling x8  
  169  10:37  Zergling x2  
  175  10:42  Drone  
  175  10:45  Zergling x2  
  175  10:47  Overlord x4  
  175  10:51  Baneling x4  
  175  10:52  Baneling x2  
  175  10:58  Overlord  
  175  11:00  Overlord x2  
  175  11:02  Baneling x10  
  175  11:03  Baneling x4  
  175  11:06  Drone  
  175  11:07  Drone x4  
  175  11:10  Zerg Melee Weapons Level 2  
  180  11:12  Overseer  
  180  11:13  Drone x2  
  182  11:20  Zergling x14  
  182  11:24  Baneling x7  
  189  11:31  Infestation Pit, Zergling x10  
  193  11:39  Baneling x17  
  192  11:42  Drone  
  176  11:55  Zergling x24  
  176  11:56  Zergling x6  
  187  12:02  Zergling x12  
  187  12:06  Baneling x10  
  185  12:17  Zergling x22  
  195  12:26  Roach x2  
  195  12:27  Roach, Zergling x10  
  200  12:31  Baneling x12  
  200  12:32  Baneling  
  199  12:38  Zergling x2  
  200  12:47  Baneling  
  200  12:48  Baneling x7  
  196  12:52  Baneling x6  
  196  12:58  Zergling x8  
  200  13:04  Extractor  
  200  13:05  Drone  
  200  13:08  Baneling  
  200  13:09  Baneling x6  
  200  13:12  Baneling x7  
  199  13:21  Zergling x2  
  199  13:25  Baneling x13  
  195  13:42  Zergling x10  
  199  13:51  Baneling x24  
  198  14:01  Roach x2, Zergling x38  
  196  14:06  Zergling x2  
  196  14:07  Zergling x26  
Show
View Real Time Build Order
Export as new Build Order

Creator Protoss 

Build Orders: 1 Gate Expand, Phoenix Opening, Chargelot Immortal 

Get SALT Encoding   

  12  0:00  Probe  
  13  0:13  Pylon  
  13  0:17  Probe (Chrono Boost)  
  14  0:27  Probe (Chrono Boost)  
  15  0:32  Probe (Chrono Boost)  
  16  0:38  Gateway  
  16  0:43  Probe  
  16  0:48  Assimilator  
  17  0:56  Probe  
  18  1:08  Probe  
  19  1:20  Probe  
  20  1:26  Nexus  
  20  1:35  Cybernetics Core  
  20  1:38  Probe  
  21  1:43  Assimilator  
  21  1:51  Probe  
  22  1:54  Pylon  
  22  2:03  Probe  
  23  2:10  Adept (Chrono Boost)  
  23  2:15  Probe  
  26  2:21  Stargate  
  26  2:27  Probe, Warp Gate  
  27  2:32  Adept (Chrono Boost)  
  29  2:39  Probe x2  
  31  2:51  Probe  
  31  2:52  Probe  
  31  2:53  Adept (Chrono Boost)  
  34  3:03  Phoenix (Chrono Boost), Probe  
  34  3:04  Probe  
  38  3:15  Probe  
  38  3:17  Pylon  
  38  3:19  Twilight Council  
  39  3:20  Probe  
  40  3:30  Gateway  
  40  3:32  Probe  
  42  3:40  Robotics Facility  
  42  3:50  Charge (Chrono Boost)  
  42  3:54  Gateway  
  42  3:55  Gateway  
  41  4:06  Gateway x2  
  41  4:14  Gateway  
  41  4:16  Gateway  
  42  4:22  Zealot  
  43  4:25  Warp Prism (Chrono Boost)  
  43  4:26  Pylon  
  45  4:34  Zealot  
  47  4:38  Pylon  
  47  4:40  Pylon  
  47  4:47  Zealot  
  47  4:49  Zealot  
  51  5:15  Pylon  
  51  5:20  Zealot x2  
  51  5:21  Zealot x6  
  65  5:24  Pylon  
  65  5:26  Pylon  
  63  5:43  Zealot x6  
  63  5:44  Zealot  
  63  5:47  Zealot  
  78  6:04  Zealot x5  
  76  6:09  Zealot  
  80  6:13  Zealot x2  
  80  6:29  Zealot x4  
  82  6:34  Zealot x2  
  78  6:42  Zealot x2  
  70  6:54  Zealot x4  
  64  7:03  Probe x2 (Chrono Boost)  
  54  7:14  Assimilator  
  54  7:15  Probe x2 (Chrono Boost)  
  40  7:17  Assimilator  
  40  7:18  Zealot  
  40  7:19  Shield Battery  
  40  7:21  Probe x2 (Chrono Boost)  
  42  7:24  Immortal (Chrono Boost)  
  42  7:29  Probe  
  47  7:34  Shield Battery  
  47  7:37  Stalker  
  47  7:40  Zealot  
  51  7:45  Probe x2 (Chrono Boost)  
  53  7:52  Sentry  
  53  7:57  Probe x2 (Chrono Boost)  
  57  7:58  Immortal (Chrono Boost)  
  57  8:02  Probe x2 (Chrono Boost)  
  63  8:09  Forge  
  63  8:10  Sentry  
  65  8:15  Zealot  
  65  8:16  Zealot  
  69  8:21  Phoenix, Sentry  
  69  8:23  Zealot  
  73  8:27  Observer  
  74  8:35  Zealot  
  76  8:42  Nexus  
  76  8:45  Probe x2  
  78  8:50  Pylon  
  78  8:56  Protoss Ground Weapons Level 1 (Chrono Boost)  
  78  8:59  Immortal (Chrono Boost)  
  84  9:04  Sentry  
  84  9:07  Stalker  
  84  9:09  Shield Battery  
  86  9:14  Stalker  
  88  9:22  Probe x2  
  88  9:23  Phoenix  
  90  9:28  Templar Archives  
  90  9:30  Observer  
  90  9:34  Probe x2  
  90  9:36  Immortal (Chrono Boost)  
  92  9:44  Pylon  
  96  9:49  Probe (Chrono Boost)  
  96  9:50  Probe (Chrono Boost)  
  98  9:54  Probe (Chrono Boost)  
  100  10:00  Assimilator  
  100  10:04  Probe (Chrono Boost)  
  100  10:05  Photon Cannon, High Templar, Assimilator, Probe (Chrono Boost)  
  100  10:06  High Templar  
  105  10:10  Archon  
  105  10:11  Immortal (Chrono Boost)  
  109  10:17  Phoenix  
  109  10:18  Pylon  
  109  10:22  Shield Battery  
  109  10:33  Pylon  
  109  10:34  Psionic Storm  
  109  10:39  High Templar x2  
  109  10:40  Zealot x6  
  123  10:44  Archon  
  123  10:48  Probe x3  
  126  10:56  Warp Prism (Chrono Boost)  
  128  11:00  High Templar  
  130  11:08  High Templar  
  132  11:14  Pylon  
  132  11:20  High Templar  
  134  11:25  Photon Cannon  
  134  11:27  Gateway  
  134  11:29  Pylon  
  134  11:32  High Templar x2  
  136  11:38  Stalker  
  137  11:50  Zealot x3  
  137  11:51  Zealot  
  125  11:56  Immortal (Chrono Boost)  
  122  12:04  High Templar  
  122  12:07  Pylon x2, Zealot x2  
  122  12:08  Pylon, Zealot  
  126  12:17  High Templar  
  126  12:18  High Templar  
  126  12:22  Archon, Protoss Ground Armor Level 1 (Chrono Boost)  
  130  12:26  Zealot x3  
  134  12:33  Immortal (Chrono Boost)  
  134  12:36  Stalker  
  131  12:43  Stalker, Sentry  
  135  12:52  Pylon  
  135  13:01  High Templar  
  135  13:02  Zealot x5, High Templar  
  149  13:06  Archon  
  149  13:09  Zealot x2  
  153  13:23  High Templar x2  
  153  13:26  Zealot, Stalker  
  161  13:27  Archon  
  161  13:34  Stalker  
  161  13:37  Zealot  
  165  13:50  Pylon  
  165  13:52  Pylon  
  163  14:02  Zealot x6  
  137  14:08  Zealot x2  
  107  14:12  Zealot  
Tags
 
Add a new tag
Caveats
  • Supply blocks, unpowered buildings, or Contaminate may cause inaccurate times.
  • Supply counts are checked every 10 seconds.